 Dungeon Crawl Stone Soup version bcrawl-1.27.8b (webtiles) character file.

Game seed: 15176013317779593310

337735 MisterOstroum the Destroyer (level 12, -1/68 HPs)
             Began as an Avariel Fire Elementalist on Nov 12, 2020.
             Was a Priest of Vehumet.
             Slain by a meliai
             ... wielding a +0 hand axe
              (2 damage)
             ... on level 11 of the Dungeon.
             The game lasted 00:30:09 (12843 turns).

MisterOstroum the Destroyer (AvFE)                 Turns: 12843, Time: 00:30:10

Health: -1/68      AC: 12    Str:  6    XL:     12   Next: 7%
Magic:  9/37       EV: 14    Int: 27    God:    Vehumet [***...]
Gold:   407        SH:  7    Dex: 20    Spells: 12/31 levels left

rFire    + . .     SeeInvis .   a - +2 dagger (venom)
rCold    + . .     Gourm    .   w - +0 buckler
rNeg     . . .     Faith    .   O - +3 ring mail {rC+}
rPois    .         Spirit   .   (no helmet)
rElec    .         Reflect  .   f - +1 cloak
rCorr    .         Harm     .   q - +1 pair of gloves
MR       +....                  (no boots)
Stlth    ++++......             N - amulet of rage
HPRegen  0.21/turn              Q - ring of Xibrut {rF+ Dex+7 Slay-4 Stlth++}
MPRegen  0.25/turn              M - ring of magical power (curse)

@: lethally poisoned (-1 -> -11), flying quickly and evasively, very slightly
contaminated, slowed, very slow
A: able to fly
a: Stop Flying, Renounce Religion, Evoke Berserk Rage


You were on level 11 of the Dungeon.
You worshipped Vehumet.
Vehumet was most pleased with you.
You were hungry.

You visited 2 branches of the dungeon, and saw 12 of its levels.

You collected 811 gold pieces.
You spent 404 gold pieces at shops.

Inventory:

Hand Weapons
 a - a +2 dagger of venom (weapon)
 b - a +0 scimitar of flaming
 p - a +0 spear
 v - a +0 quarterstaff
 T - a +0 longbow
 U - a +2 shortbow of seeking
Missiles
 c - 1626 stones
 d - 2318 arrows
 l - 257 javelins
 u - 42 poisoned tomahawks (quivered)
 x - 259 sling bullets
 W - 136 bolts
Armour
 f - a +1 cloak (worn)
 q - a +1 pair of gloves (worn)
 w - a +0 buckler (worn)
 A - a +0 robe of fire resistance
 I - a +2 leather armour of magic resistance
 O - a +3 ring mail of cold resistance (worn)
Magical Staves
 G - an uncursed staff of air
Jewellery
 M - a cursed ring of magical power (right hand)
 N - an amulet of rage (around neck)
 Q - the ring of Xibrut (left hand) {rF+ Dex+7 Slay-4 Stlth++}
   (You bought it in a shop on level 9 of the Dungeon)

   [ring of stealth]

   It affects your dexterity (+7).
   It affects your accuracy and damage with ranged weapons and melee attacks
   (-4).
   It protects you from fire.
   It makes you much more stealthy.
Wands
 h - a wand of iceblast (7)
 K - a wand of digging (5)
 S - a wand of scattershot (4)
Scrolls
 j - 2 scrolls of acquirement {unknown}
 n - 7 scrolls of teleportation {@r3 !r}
 o - a scroll of enchant weapon {unknown}
 y - a scroll of blinking
 B - a scroll of remove curse {@r2}
 D - a scroll of summoning {unknown}
 E - 2 scrolls of immolation
 F - 4 scrolls of magic mapping {unknown}
 H - a scroll of vulnerability {unknown}
 J - 2 scrolls of amnesia {unknown}
 P - a scroll of enchant armour
 R - 2 scrolls of identify {@r1}
Potions
 g - 2 potions of might
 i - 3 potions of flight
 k - 2 potions of lignification {@q6}
 m - 10 potions of curing {@q1 !q}
 r - a potion of ambrosia
 s - a potion of mutation {unknown}
 t - 3 potions of haste {@q4 !q}
 z - a potion of brilliance
 C - a potion of agility {@q5 !q}
 L - a potion of resistance {unknown}
Comestibles
 e - 17 rations {!d}
 V - 3 chunks of flesh


   Skills:
 - Level 5.0 Fighting
 + Level 6.8 Dodging
 - Level 2.1 Stealth
 + Level 5.2 Shields
 + Level 10.3 Spellcasting
 * Level 11.6 Conjurations
 - Level 5.0 Translocations
 * Level 9.5 Fire Magic
 - Level 3.5 Air Magic
 - Level 2.8 Poison Magic


You had 12 spell levels left.
You knew the following spells:

 Your Spells              Type           Power        Failure   Level  Hunger
a - Flame Tongue          Conj/Fire      #####        1%          1    None
b - Conjure Flame         Conj/Fire      ######..     1%          3    None
c - Fireball              Conj/Fire      ######....   3%          5    ####...
d - Sticky Flame          Conj/Fire      ######..     1%          4    None
e - Freeze                Ice            ##....       9%          1    None
f - Mephitic Cloud        Conj/Pois/Air  #####...     2%          3    None
B - Blink                 Tloc           N/A          6%          2    None

Your spell library contained the following spells:

 Spells                   Type           Power        Failure   Level  Hunger
 Stone Arrow              Conj/Erth      #####.       2%          3    None
 Magic Dart               Conj           ####         1%          1    None
 Sting                    Conj/Pois      ####         1%          1    None
 Inner Flame              Hex/Fire       N/A          3%          3    None
 Apportation              Tloc           #####.       4%          1    None
 Ignite Poison            Fire/Tmut/Pois #####...     4%          3    None
 Flaming Arrows           Chrm/Fire      #####...     7%          2    None
 Sandblast                Erth           ##....       9%          1    None
 Venom Bolt               Conj/Pois      ######....   12%         5    ####...
 Poisonous Vapours        Pois/Air       ####..       13%         2    None
 Infusion                 Chrm           ##......     30%         1    None
 Slow                     Hex            ##......     30%         1    None
 Summon Butterflies       Summ           ##......     30%         1    None
 Call Imp                 Summ           ##....       43%         2    None
 Passwall                 Tmut/Erth      ##......     43%         2    None
 Spider Form              Tmut/Pois      ###          45%         3    None
 Olgreb's Toxic Radiance  Pois           ####.....    67%         4    None
 Summon Scorpions         Summ/Pois      ###.....     86%         4    None
 Lee's Rapid Deconstruct  Erth           ##........   88%         5    ####...
 Petrify                  Tmut/Erth      ##........   97%         4    None


Dungeon Overview and Level Annotations

Branches:
Dungeon (11/12)            Temple (1/1) D:5            Lair (0/6) D:7
    Orc (0/1) D:9
 Vaults: D:11-12

Altars:
Ashenzari
Cheibriados
Dithmenos
Elyvilon
Fedhas
Gozag
Hepliaklqana
Kikubaaqudgha
Lugonu
Makhleb
Nemelex Xobeh
Okawaru
Qazlal
Ru
Sif Muna
Trog
Uskayaw
Vehumet
Wu Jian
Xom
Yredelemnul
Zin
The Shining One

Shops:
D:9 =

Annotations:
D:4 exclusion: crimson imp, Eustachio
D:6 exclusion: killer bee
D:7 1 runed door


Innate Abilities, Weirdness & Mutations

You can fly continuously.


Message History

You are very lightly contaminated with residual magic.
Nothing appears to happen.
You block the phantasmal warrior's attack.
Casting: Blink (safe; 6% risk of failure)
Confirm with . or Enter, or press ? or * to list all spells.
You miscast Blink.
The floor and the ceiling briefly switch places.
The phantasmal warrior misses you.
Unknown command.
Casting: Blink (safe; 6% risk of failure)
Confirm with . or Enter, or press ? or * to list all spells.
You blink.
A boggart comes into view.
The boggart shouts!
A boggart comes into view.
You block the wraith's attack.
A boggart comes into view.
Casting: Blink (safe; 6% risk of failure)
Confirm with . or Enter, or press ? or * to list all spells.
You blink.
The boggart casts a spell.
The boggart gestures wildly while chanting.
The boggart flickers and vanishes!
Deactivating autopickup; reactivate with Ctrl-A.
Casting: Blink (safe; 6% risk of failure)
Confirm with . or Enter, or press ? or * to list all spells.
Aiming: Fireball (safe; 3% risk of failure)
Press: ? - help, Shift-Dir - straight line, f - skeletal warrior
Aim: a skeletal warrior, wielding a +0 hand axe (summoned)
The fireball explodes!
The fireball engulfs the boggart!!
You kill the boggart!
Vehumet accepts your kill.
You feel your power returning.
The fireball engulfs the skeletal warrior!!
The skeletal warrior is heavily damaged.
Really read
n - 8 scrolls of teleportation {@r3 !r}?
As you read the scroll of teleportation {@r3 !r}, it crumbles to dust.
You feel strangely unstable. The wraith hits you!
The wraith drains your vigour!
You feel yourself slow down. The wraith hits you.
* * * LOW HITPOINT WARNING * * *
The wraith hits you.
* * * LOW HITPOINT WARNING * * *
The wraith drains your vigour!
You feel as though you will be slow longer.
Your surroundings suddenly seem different.
A meliai comes into view. It is wielding a +0 war axe.
The meliai buzzes angrily.
A meliai comes into view. It is wielding a +0 broad axe.
The meliai mumbles some strange prayers to its god against you.
Something smites you!
* * * LOW HITPOINT WARNING * * *
A meliai comes into view. It is wielding a +0 hand axe.
A meliai comes into view. It is wielding a +0 broad axe.
The meliai hits you but does no damage.
The meliai stings you but does no damage.
The meliai hits you but does no damage. You block the meliai's attack.
Okay, then.
Unknown command.
Okay, then.
Blink to where?
Press: ? - help, Dir - move target cursor
As you read the scroll of blinking, it crumbles to dust.
Okay, then.
Okay, then.
Unknown command.
Really quaff
m - 11 potions of curing {@q1 !q}?
You feel better. The meliai closely misses you. The meliai barely misses you.
Casting: Fireball (safe; 3% risk of failure)
Confirm with . or Enter, or press ? or * to list all spells.
Aiming: Fireball (safe; 3% risk of failure)
Press: ? - help, Shift-Dir - straight line
Okay, then.
The meliai hits you but does no damage. The meliai stings you.
* * * LOW HITPOINT WARNING * * *
You are poisoned.
The meliai poisons you!
Some of the chunks of flesh in your inventory have rotted away.
Casting: Fireball (safe; 3% risk of failure)
Confirm with . or Enter, or press ? or * to list all spells.
Aiming: Fireball (safe; 3% risk of failure)
Press: ? - help, Shift-Dir - straight line, f - meliai
Aim: a meliai, wielding a +0 war axe and wearing a +0 leather armour
Okay, then.
Unknown command.
Casting: Fireball (safe; 3% risk of failure)
Confirm with . or Enter, or press ? or * to list all spells.
Aiming: Fireball (safe; 3% risk of failure)
Press: ? - help, Shift-Dir - straight line, f - meliai
Aim: a meliai, wielding a +0 war axe and wearing a +0 leather armour That beam is likely to hit you.
Continue anyway?
The fireball explodes!
The fireball engulfs the meliai!
The meliai is severely wounded.
You resist. The fireball engulfs you!
* * * LOW HITPOINT WARNING * * *
The fireball engulfs the meliai!
The meliai is heavily wounded.
* * * LOW HITPOINT WARNING * * *
You feel sick. The meliai hits you but does no damage. The meliai stings you.
You die...

#.......'...
####################.......#...
....yy.y........?.##########...
.......#!y.##.....# #........
.......#.......#..# #........
..................# #######'##
..###+# ###+##....# #.........
. #yy..# +.#..<##.. #@...# #
#...##.# #.##.# #.#...##.# +.#
.# #.#......# #.. # #........#
... #........# ..#. #....##..#
..#. #....##..# #..#.#
#........# ...#####........#


You could see 2 meliai.

Vanquished Creatures
  A hydra (D:10)
  Erica (D:10)
  Psyche (D:10)
  A centaur warrior (D:10)
  A two-headed ogre (D:9)
  An ugly thing (D:11)
  3 centaur skeletons
  4 trolls
  Grinder (D:5)
  A meliai (D:9)
  3 hippogriffs
  A wyvern (D:10)
  11 yaks
  A spriggan (D:8)
  A hungry ghost (D:9)
  4 crocodiles
  4 porcupines (D:7)
  An ice beast (D:9)
  A swamp drake (D:9)
  4 orc warriors
  A sky beast (D:9)
  2 black bears (D:10)
  2 necrophages
  A phantom (D:6)
  2 ogres
  A boggart (D:11)
  2 centaurs
  4 bullfrogs
  Blork the orc (D:4)
  A gnoll sergeant (D:9)
  2 wyvern skeletons
  3 scorpions
  5 wights (D:9)
  2 centaur zombies
  4 crimson imps
  2 hounds
  A jelly (D:7)
  A bullfrog skeleton (D:5)
  5 orc priests
  2 gnoll shamans (D:4)
  17 orc wizards
  6 iguanas
  10 worker ants
  A howler monkey zombie (D:8)
  7 adders
  13 gnolls
  A worker ant zombie (D:8)
  A white imp (D:5)
  2 adder skeletons
  3 worms (D:2)
  5 dart slugs
  6 leopard geckos
  40 orcs
  2 ball pythons (D:4)
  4 bats (D:1)
  3 giant cockroaches
  4 goblins
  5 hobgoblins
  14 jackals
  8 quokkas
  3 frilled lizards
  A jackal skeleton (D:4)
  A jackal zombie (D:5)
  12 kobolds
  A quokka skeleton (D:4)
  5 rats (D:1)
265 creatures vanquished.

Notes
Turn   | Place    | Note
-------+----------+-------------------------------------------
     0 | D:1      | MisterOstroum the Avariel Fire Elementalist began the quest
                  | for the Orb.
     0 | D:1      | Reached XP level 1. HP: 10/10 MP: 6/6
    96 | D:1      | Reached skill level 2 in Conjurations
   130 | D:1      | Reached XP level 2. HP: 14/15 MP: 3/7
   231 | D:1      | Reached skill level 3 in Conjurations
   374 | D:1      | Reached XP level 3. HP: 19/19 MP: 3/9
  1174 | D:2      | Learned a level 3 spell: Conjure Flame
  1262 | D:2      | Reached skill level 4 in Conjurations
  1377 | D:2      | Reached XP level 4. HP: 18/24 MP: 4/10
  2606 | D:3      | Noticed a centaur
  2633 | D:3      | Killed a centaur
  2633 | D:3      | Reached skill level 5 in Conjurations
  2633 | D:3      | Reached XP level 5. HP: 21/28 MP: 5/11
  2699 | D:3      | Reached skill level 6 in Conjurations
  2808 | D:3      | Found a bloodstained altar of Trog.
  2820 | D:3      | Found a snail-covered altar of Cheibriados.
  3085 | D:3      | Reached XP level 6. HP: 32/32 MP: 1/12
  3259 | D:3      | Learned a level 5 spell: Fireball
  3376 | D:4      | Reached skill level 5 in Fire Magic
  3582 | D:4      | Noticed Blork the orc
  3594 | D:4      | HP: 1/32 [orc/+0 war axe (6)]
  3876 | D:4      | Reached skill level 7 in Conjurations
  4047 | D:4      | Reached XP level 7. HP: 36/36 MP: 0/13
  4047 | D:4      | Noticed Eustachio
  4144 | D:4      | Killed Blork the orc
  4144 | D:4      | Reached skill level 8 in Conjurations
  4561 | D:5      | Entered Level 5 of the Dungeon
  4853 | D:5      | Noticed Grinder
  4894 | D:5      | Killed Grinder
  4894 | D:5      | Reached skill level 9 in Conjurations
  4894 | D:5      | Reached XP level 8. HP: 26/41 MP: 0/16
  5204 | D:5      | Found a staircase to the Ecumenical Temple.
  5211 | Temple   | Entered the Ecumenical Temple
  5246 | Temple   | Became a worshipper of Vehumet
  5303 | D:5      | Found a shimmering blue altar of Sif Muna.
  5471 | D:5      | Reached skill level 5 in Spellcasting
  5748 | D:5      | Learned a level 4 spell: Sticky Flame
  6161 | D:6      | Got a clouded wooden ring
  6241 | D:6      | Noticed a hippogriff
  6245 | D:6      | Killed a hippogriff
  6245 | D:6      | Reached skill level 1 in Fighting
  6245 | D:6      | Reached skill level 1 in Shields
  6245 | D:6      | Gained mutation: You can fly continuously. [Avariel growth]
  6245 | D:6      | Reached XP level 9. HP: 34/47 MP: 7/23
  6941 | D:7      | Found a white marble altar of Elyvilon.
  6986 | D:7      | Noticed a troll
  7002 | D:7      | Killed a troll
  7166 | D:7      | Noticed a troll
  7191 | D:7      | Killed a troll
  7242 | D:7      | Found a hazy altar of Hepliaklqana.
  7271 | D:7      | Reached * piety under Vehumet
  7271 | D:7      | Offered knowledge of Freeze by Vehumet.
  7396 | D:7      | Noticed a sixfirhy
  7397 | D:7      | Found a runed door.
  7420 | D:7      | Learned a level 1 spell: Freeze
  7424 | D:7      | Learned a level 3 spell: Mephitic Cloud
  7427 | D:7      | Learned a level 2 spell: Blink
  7498 | D:7      | Reached skill level 1 in Translocations
  7498 | D:7      | Reached skill level 1 in Air Magic
  7526 | D:7      | Found a staircase to the Lair.
  7528 | D:7      | Reached skill level 1 in Poison Magic
  7567 | D:7      | Reached XP level 10. HP: 23/58 MP: 2/24
  8151 | D:7      | Found a staircase to the Lair.
  8379 | D:7      | Found a runed door.
  8452 | D:7      | Reached skill level 5 in Fighting
  8606 | D:7      | Found a white marble altar of Elyvilon.
  8703 | D:7      | Found a hazy altar of Hepliaklqana.
  8916 | D:8      | Found an opulent altar of Gozag.
  8916 | D:8      | Found a glowing silver altar of Zin.
  9358 | D:8      | Found an ornate altar of the Wu Jian Council.
  9451 | D:8      | Offered knowledge of Searing Ray by Vehumet.
  9506 | D:8      | Reached ** piety under Vehumet
  9528 | D:8      | Found a shimmering altar of Xom.
 10046 | D:9      | Reached skill level 5 in Translocations
 10065 | D:9      | Reached skill level 5 in Dodging
 10213 | D:9      | Reached XP level 11. HP: 63/63 MP: 8/25
 10332 | D:9      | Noticed a two-headed ogre
 10344 | D:9      | Killed a two-headed ogre
 10344 | D:9      | Reached skill level 10 in Conjurations
 10500 | D:9      | Found Gunum's Jewellery Shoppe.
 10561 | D:9      | Identified the ring of Ganig {+Blink Stlth--} (You found it
                  | on level 6 of the Dungeon)
 10653 | D:9      | Offered knowledge of Throw Frost by Vehumet.
 10821 | D:9      | Reached *** piety under Vehumet
 10844 | D:9      | Found a staircase to the Orcish Mines.
 11307 | D:10     | Entered Level 10 of the Dungeon
 11319 | D:10     | Noticed a centaur warrior
 11326 | D:10     | Noticed Erica
 11328 | D:10     | Killed a centaur warrior
 11333 | D:10     | Killed Erica
 11338 | D:10     | Noticed a six-headed hydra
 11767 | D:9      | Bought the ring of Xibrut {rF+ Dex+7 Slay-4 Stlth++} for
                  | 404 gold pieces
 11829 | D:10     | Killed a six-headed hydra
 11829 | D:10     | Reached skill level 10 in Spellcasting
 11829 | D:10     | Reached skill level 11 in Conjurations
 12054 | D:10     | Noticed Psyche
 12062 | D:10     | Killed Psyche
 12062 | D:10     | Reached skill level 5 in Shields
 12530 | D:11     | Noticed a brown ugly thing
 12533 | D:11     | Killed a brown ugly thing
 12533 | D:11     | Offered knowledge of Stone Arrow by Vehumet.
 12533 | D:11     | Reached XP level 12. HP: 68/68 MP: 21/28
 12843 | D:11     | HP: 3/68 [shot self (10)]
 12843 | D:11     | HP: 1/68 [poisoned by a meliai]
 12843 | D:11     | Slain by a meliai

Skill      XL: |  1  2  3  4  5  6  7  8  9 10 11 |
---------------+----------------------------------+-----
Conjurations   | 2 3 4 5 6 7 9 11 | 11.6
Fire Magic     | 4 5 6 7 9 |  9.5
Spellcasting   | 4 8 10 | 10.3
Fighting       | 1 4 5 |  5.0
Shields        | 1 2 3 5 |  5.2
Dodging        | 3 5 6 |  6.8
Translocations | 2 5 |  5.0
Air Magic      | 3 |  3.5
Poison Magic   | 2 |  2.8
Stealth        | |  2.1

Action                   |  1- 3 |  4- 6 |  7- 9 | 10-12 || total
-------------------------+-------+-------+-------+-------++-------
Melee: Dagger            |     3 |    33 |    12 |    42 ||    90
       Quarterstaff      |       |       |     5 |       ||     5
 Fire: Shortbow          |       |       |    28 |       ||    28
Throw: Stone             |     1 |    24 |     3 |       ||    28
       Tomahawk          |       |       |     8 |    18 ||    26
 Cast: Flame Tongue      |    64 |   132 |   182 |   162 ||   540
       Conjure Flame     |       |     5 |     4 |     4 ||    13
       Fireball          |       |       |    10 |    60 ||    70
       Sticky Flame      |       |       |     3 |    29 ||    32
       Mephitic Cloud    |       |       |       |     1 ||     1
       Freeze            |       |       |       |    10 ||    10
       Blink             |       |       |       |     2 ||     2
 Abil: Fly               |       |       |       |     1 ||     1
  Use: Potion            |       |     2 |       |     1 ||     3
       Scroll            |       |       |    10 |     3 ||    13
 Stab: Sleeping          |       |     2 |     2 |       ||     4
  Eat: Chunk             |     2 |    14 |    11 |    34 ||    61
       Ration            |       |       |     2 |       ||     2
Armor: Robe              |     1 |     1 |     6 |       ||     8
       Leather armour    |     4 |    14 |    10 |    22 ||    50
       Ring mail         |       |       |       |    16 ||    16
Dodge: Dodged            |    26 |    50 |    55 |    62 ||   193
Block: Buckler           |       |     5 |     9 |    27 ||    41
